 Dungeon Crawl Stone Soup version 0.28.0-53-g5a82cb258f (webtiles) character file.

Game seed: 2565308427450268461

97 Zeld the Insei (level 4, -2/28 HPs)
             Began as an Octopode Transmuter on May 22, 2022.
             Slain by Pikel
             ... wielding a +2 whip of flaming
              (3 damage)
             ... on level 3 of the Dungeon.
             The game lasted 00:03:15 (4630 turns).

Zeld the Insei (Octopode Transmuter)                Turns: 4630, Time: 00:03:16

Health: -2/28      AC:  2    Str: 11    XL:     4   Next: 68%
Magic:  5/8        EV: 19    Int: 15    God:
Gold:   154        SH:  0    Dex: 17    Spells: 2/8 levels left

rFire   . . .      SeeInvis .     - Unarmed
rCold   . . .      Faith    .   (shield currently unavailable)
rNeg    . . .      Spirit   .   (helmet currently unavailable)
rPois   x          Reflect  .   (no amulet)
rElec   .          Harm     .   (no ring)
rCorr   .          Rampage  .   (no ring)
Will    .....                   (no ring)
Stlth   ++........              (no ring)
HPRegen 0.09/turn               (no ring)
MPRegen 0.11/turn               (no ring)
                                (no ring)
                                (no ring)

@: spider-form
A: venomous fangs, almost no armour, (amphibious), 8 rings, tiny, (camouflage
1), (gelatinous body 1), (nimble swimmer 1), (tentacles)
a: End Transformation


You were on level 3 of the Dungeon.
You were a venomous arachnid creature.
You visited 1 branch of the dungeon, and saw 4 of its levels.

You collected 154 gold pieces.

Inventory:

Scrolls
 a - a scroll of blinking {unknown}
 c - 2 scrolls of teleportation {unknown}
 e - 3 scrolls of identify {unknown}
 f - a scroll of vulnerability {unknown}
 h - a scroll of enchant weapon {unknown}
 j - a scroll of enchant armour {unknown}
 k - a scroll of summoning {unknown}
 l - a scroll of holy word {unknown}
Potions
 b - a potion of haste {unknown}
 d - a potion of attraction {unknown}
 g - a potion of resistance {unknown}
 i - 2 potions of curing {unknown}


   Skills:
 + Level 1.6 Fighting
 - Level 2.0 Dodging
 + Level 1.6 Stealth
 - Level 3.0 Unarmed Combat
 * Level 2.8 Spellcasting
 * Level 3.0 Transmutations
 + Level 1.0 Ice Magic
 + Level 1.2 Poison Magic


You had 2 spell levels left.
You knew the following spells:

 Your Spells              Type           Power      Damage    Failure   Level
a - Beastly Appendage     Tmut           22%        N/A       17%         1
b - Wereblood             Tmut           11%        N/A       22%         2
c - Spider Form           Tmut/Pois      8%         N/A       47%         3

Your spell library contained the following spells:

 Spells                   Type           Power      Damage    Failure   Level
 Magic Dart               Conj           8%         1d3       41%         1
 Call Imp                 Summ           2%         N/A       52%         2
 Mephitic Cloud           Conj/Pois/Air  3%         N/A       67%         3
 Ice Form                 Ice/Tmut       8%         N/A       83%         4


Dungeon Overview and Level Annotations

Branches:
Dungeon (4/15)
 Temple: D:4-7

Altars:

Annotations:
D:3 exclusion: centaur, Pikel
D:4 Ijyb


Innate Abilities, Weirdness & Mutations

You are a venomous arachnid creature.
You have poisonous fangs.
You are tiny and dextrous.
Your spellcasting is less reliable in this form.
Your armour is entirely melded.
You are incapable of wielding weapons or throwing items.
You cannot wear most types of armour.
((You are amphibious.))
You can wear up to eight rings at the same time.
((Your skin changes colour to match your surroundings (Stealth+).))
((Your rubbery body absorbs attacks. (AC +1, EV +1)))
((You are camouflaged when in or above water. (Stealth+)))
((You have tentacles for arms and can constrict up to eight enemies at once.))


Message History

The lemure is lightly wounded.
The lemure hits you!
You hit the lemure.
The lemure is heavily wounded.
The lemure misses you.
You hit the lemure.
The lemure looks as sick as possible!
The lemure is heavily wounded.
Your transformation has ended.
The lemure closely misses you.
You tentacle-slap the lemure but do no damage.
You grab the lemure.
The lemure is severely wounded.
You constrict the lemure. The lemure closely misses you.
You tentacle-slap the lemure.
You kill the lemure!
That felt strangely unrewarding.
You open the door.
Ijyb zaps a wand.
The puff of flame misses you.
A quokka comes into view.
There is a stone staircase leading up here.
Casting: Spider Form (quite dangerous; 26% risk of failure)
Confirm with . or Enter, or press ? or * to list all spells.
The spell is quite dangerous to miscast (26% risk of failure)!
Continue anyway?
You turn into a venomous arachnid creature.
Pikel hits you with a +2 whip of flaming.
Pikel burns you.
You climb upwards.
Level annotation: exclusion: centaur
There is a stone staircase leading down here.
You hit Pikel.
Pikel is poisoned.
Pikel is lightly wounded.
Pikel hits you with a +2 whip of flaming.
Pikel burns you.
You are too injured to fight recklessly!
You are too injured to fight recklessly!
You are too injured to fight recklessly!
Pikel hits you with a +2 whip of flaming!
* * * LOW HITPOINT WARNING * * *
Pikel burns you.
You die...

#.#############
#.............#
#############.# #.# ###
###### #.# ..#
#....#####[##### ..#
#.##.#.........#
..####.##.#....#.##.#
.......##.#..#.#s##.#
...............K>##.#
...######.#.#######.#
#### #.#.#######.#
#.#...).....#
#.#......#############
#.#......^...........#
#.#...##.###########.##
#.#.#<................#


You could see Pikel (very poisoned).

Vanquished Creatures
  2 lemures (D:4)
  Robin (D:2)
  3 adders
  An ufetubus (D:3)
  A dart slug (D:2)
  4 ball pythons
  3 bats
  4 endoplasms
  4 giant cockroaches
  5 hobgoblins
  5 kobolds
  2 quokkas (D:3)
  10 goblins
  5 rats
50 creatures vanquished.

Vanquished Creatures (others)
  9 plants (D:3)
9 creatures vanquished.

Grand Total: 59 creatures vanquished

Notes
Turn   | Place    | Note
-------+----------+-------------------------------------------
     0 | D:1      | Zeld the Octopode Transmuter began the quest for the Orb.
     0 | D:1      | Reached XP level 1. HP: 13/13 MP: 3/3
    69 | D:1      | Found a faded altar of an unknown god.
   426 | D:1      | Reached XP level 2. HP: 18/18 MP: 1/5
   476 | D:1      | Learned a level 2 spell: Wereblood
  1118 | D:2      | Noticed Robin
  1575 | D:2      | Reached XP level 3. HP: 11/23 MP: 4/6
  1579 | D:2      | Learned a level 3 spell: Spider Form
  1700 | D:2      | Reached skill level 1 in Stealth
  2103 | D:2      | Killed Robin
  2104 | D:2      | Reached skill level 1 in Poison Magic
  2608 | D:2      | Reached XP level 4. HP: 22/28 MP: 5/7
  3261 | D:3      | Reached skill level 1 in Ice Magic
  3263 | D:3      | Noticed a centaur
  3732 | D:4      | Noticed Ijyb
  3750 | D:4      | Noticed a phantom
  3890 | D:3      | HP: 1/28 [ufetubus (3)]
  4285 | D:4      | Noticed a lemure
  4300 | D:4      | Killed a lemure
  4318 | D:4      | Noticed a lemure
  4577 | D:4      | Noticed Pikel
  4584 | D:4      | Noticed a lemure
  4585 | D:4      | Noticed a lemure
  4598 | D:4      | Killed a lemure
  4630 | D:3      | HP: 1/28 [Pikel/+2 whip of flaming (13)]
  4630 | D:3      | Slain by Pikel

Illustrated notes

Levels and vault maps discovered:
D:1:      minmay_arrival_wavy_path, layout_loops_ring,
          shapermc_ecumenical_altar_notcrosses
D:2:      layout_loops_ring, due_unseen_surprise, uniq_robin
D:3:      wad_lake_hut, layout_basic, uniq_natasha
D:4:      layout_basic, dk_xom_monty_hall, hangedman_decor_slide_cut,
          uniq_pikel, uniq_ijyb

Skill      XL: |  1  2  3  4 |
---------------+-------------+-----
Stealth        | 1 |  1.6
Poison Magic   | 1 |  1.2
Ice Magic      | 1 |  1.0
Transmutations | 3 |  3.0
Fighting       | |  1.6
Dodging        | |  2.0
Unarmed Combat | |  3.0
Spellcasting   | |  2.8

Action                   |  1- 3 |  4- 6 || total
-------------------------+-------+-------++-------
Melee: Unarmed           |    52 |    53 ||   105
       Kick              |    12 |    16 ||    28
       Punch             |     4 |     2 ||     6
       Constrict         |    13 |    14 ||    27
       Tentacles         |     9 |     9 ||    18
 Cast: Beastly Appendage |    25 |    21 ||    46
       Spider Form       |     1 |     3 ||     4
 Stab: Sleeping          |     4 |     4 ||     8
Armor: Skin              |     6 |     7 ||    13
Dodge: Dodged            |    36 |    46 ||    82
